 Dungeon Crawl Stone Soup version 0.20.1-1-g8b1a95d (webtiles) character file.

29964 KoningWillie the Severer (level 13, -10/128 HPs)
             Began as a Minotaur Fighter on Sept 30, 2017.
             Mangled by a stone giant (22 damage)
             ... on level 3 of the Depths.
             The game lasted 00:38:59 (12881 turns).

KoningWillie the Severer (Minotaur Fighter)        Turns: 12881, Time: 00:39:00

Health: -10/128    AC: 18    Str: 26    XL:     13   Next: 18%
Magic:  12/12      EV:  9    Int:  5    God:
Gold:   176        SH:  0    Dex: 10    Spells: 12/12 levels left

rFire    + . .     SeeInvis +   u - +4 battleaxe "Ecvatumu" {drain, rF+}
rCold    + . .     Gourm    .   (shield currently unavailable)
rNeg     . . .     Faith    .   D - +0 plate armour
rPois    +         Spirit   .   w - +2 hat {SInv}
rElec    .         Reflect  .   (no cloak)
rCorr    .         Harm     .   r - +0 pair of gloves
MR       .....                  (no boots)
Stlth    ..........             o - amulet of regeneration
Regen    0.8/turn               j - ring of protection from cold
MPRegen  0.2/turn               M - ring of poison resistance

@: barbed spikes
A: retaliatory headbutt, horns 2, see invisible, robust 1
a: no special abilities


You were on level 3 of the Depths.
You were full.

You visited 2 branches of the dungeon, and saw 18 of its levels.
You visited 2 bazaars.

You collected 786 gold pieces.
You spent 610 gold pieces at shops.

Inventory:

Hand Weapons
 u - the +4 battleaxe "Ecvatumu" (weapon) {drain, rF+}
   (You found it on level 5 of the Dungeon)

   A truly terrible weapon, it drains the life of those it strikes.
   It protects you from fire.
Missiles
 s - 16 tomahawks (quivered)
Armour
 b - a +1 scale mail
 r - a +0 pair of gloves (worn)
 w - a +2 hat of see invisible (worn)
 D - a +0 plate armour (worn)
 R - +0 ice dragon scales
Jewellery
 i - an uncursed ring of flight
 j - a ring of protection from cold (left hand)
 o - an amulet of regeneration (around neck)
 M - a ring of poison resistance (right hand)
Wands
 k - a wand of scattershot (8/9)
 G - a wand of lightning (6/15)
 H - a wand of polymorph (7/24)
Scrolls
 a - a scroll of fear
 g - 7 scrolls of remove curse
 h - 3 scrolls of enchant armour
 m - a scroll of amnesia
 t - a scroll of magic mapping
 y - 3 scrolls of enchant weapon
 N - a scroll of recharging
Potions
 d - 3 potions of might
 e - 3 potions of curing
 l - a potion of haste
 n - a potion of flight
 p - a potion of agility
 x - a potion of resistance
 z - 2 potions of lignification
 A - 2 potions of mutation
 B - a potion of brilliance
 J - a potion of degeneration
 L - a potion of invisibility
 Q - a potion of magic
Books
 E - a book of Maledictions

   Spells                             Type                      Level
   a - Corona                         Hexes                        1
   b - Ensorcelled Hibernation        Hexes/Ice                    2
   c - Confuse                        Hexes                        3
   d - Tukima's Dance                 Hexes                        3
   e - Dazzling Spray                 Conjuration/Hexes            3
 F - a book of Flames

   Spells                             Type                      Level
   a - Flame Tongue                   Conjuration/Fire             1
   b - Throw Flame                    Conjuration/Fire             2
   c - Conjure Flame                  Conjuration/Fire             3
   d - Inner Flame                    Hexes/Fire                   3
   e - Sticky Flame                   Conjuration/Fire             4
   f - Fireball                       Conjuration/Fire             5
 I - a book of Air

   Spells                             Type                      Level
   a - Shock                          Conjuration/Air              1
   b - Swiftness                      Charms/Air                   2
   c - Static Discharge               Conjuration/Air              3
   d - Airstrike                      Air                          4
   e - Lightning Bolt                 Conjuration/Air              5
 K - a book of the Sky

   Spells                             Type                      Level
   a - Summon Lightning Spire         Summoning/Air                4
   b - Silence                        Hexes/Air                    5
   c - Deflect Missiles               Charms/Air                   6
   d - Conjure Ball Lightning         Conjuration/Air              6
   e - Tornado                        Air                          9
Miscellaneous
 P - a crystal ball of energy
Comestibles
 c - 6 bread rations
 f - a meat ration
 v - 12 royal jellies
 C - 6 fruits


   Skills:
 + Level 11.9 Fighting
 * Level 18.9 Axes
 + Level 12.0 Armour
 - Level 4.1 Dodging
 - Level 1.9 Stealth
   Level 5.0 Shields


You had 12 spell levels left.
You didn't know any spells.

Dungeon Overview and Level Annotations

Branches:
Dungeon (15/15)            Temple (0/1) D:5          Vaults (0/5) D:14
 Depths (3/5) D:15
   Lair: D:8-11         Orc: D:9-12

Altars:
Cheibriados
Dithmenos
Nemelex Xobeh
Qazlal
Yredelemnul
The Shining One

Shops:
D:5 %}   D:7 %   D:15 ::(   Depths:2 *[

Annotations:
D:8 Erica; Timinator's ghost, novice SpEn
D:9 akademic's ghost, novice DrVM
D:15 Nessos; Rupert


Innate Abilities, Weirdness & Mutations

You reflexively headbutt those who attack you in melee.
You have a pair of horns on your head.
You have supernaturally acute eyesight. (SInv)
You are robust. (+10% HP)


Message History

You hit the hippogriff. You drain the hippogriff!
The hippogriff is almost dead.
The hippogriff bites you.
* * * LOW HITPOINT WARNING * * *
The hippogriff pecks you.
* * * LOW HITPOINT WARNING * * *
The hippogriff claws you but does no damage.
You feel better.
You feel better.
A centaur warrior comes into view.
You hit the stone giant. You drain the stone giant!
The stone giant is lightly wounded.
The stone giant hits you!!
* * * LOW HITPOINT WARNING * * *
You hit the stone giant. You drain the stone giant!
You headbutt the stone giant.
The stone giant is moderately wounded.
The hippogriff changes into an acid dragon!
The stone giant hits you!!
You die...

# .. .c #.
#c #.c###
#cDC@#
#/.#.# #.
#.# #.
##.## ..
#...## ..
#.#..# #
#..##.####
...#
#....#####
.###
#....#..8#


You could see a stone giant, a centaur warrior, an acid dragon shaped shifter
and 3 centaurs.

Vanquished Creatures
  Gastronok (D:8)
  A fire giant (Depths:3)
  2 stone giants (Depths:1)
  Azrael (D:13)
  A great orb of eyes (Depths:1)
  An ice dragon (Depths:1)
  2 two-headed ogres
  4 centaur warriors
  2 tengu warriors (D:14)
  3 unseen horrors
  A wizard (D:14)
  2 deep elf magi (D:14)
  2 cyclopes
  A manticore (D:15)
  A centaur zombie (D:12)
  A gargoyle (D:14)
  2 komodo dragons
  A harpy zombie (D:14)
  5 trolls
  3 slime creatures (Depths:1)
  A hippogriff (D:8)
  A meliai zombie (D:11)
  A vampire (D:14)
  8 yaks
  A wraith (D:14)
  2 wyverns
  3 fire elementals
  A steam dragon (D:12)
  8 vampire mosquitoes
  3 soldier ants
  4 hell hounds
  2 acid dragons
  A sky beast (shapeshifter) (D:11)
  3 black bears
  6 orc warriors
  5 ice beasts
  2 sky beasts
  5 ogres
  A necrophage (D:7)
  5 phantoms
  A tengu (shapeshifter) (Depths:1)
  10 centaurs
  A boggart (Depths:1)
  3 bullfrogs
  3 earth elementals (Depths:1)
  A gnoll sergeant (D:6)
  A wyvern skeleton (D:13)
  10 killer bees
  8 crimson imps
  4 hounds
  2 jellies (D:14)
  7 orc priests
  12 orc wizards
  4 centaur skeletons
  Jessica (D:2)
  2 iguanas
  Natasha (thrice) (D:2 D:4)
  9 worker ants
  2 worker ant zombies
  A howler monkey zombie (D:11)
  7 gnolls
  15 adders
  5 shadow imps
  A white imp (D:5)
  An ooze (D:4)
  6 worms
  A dart slug (D:3)
  3 leopard geckos
  27 orcs
  A ball python (D:3)
  7 giant cockroaches
  2 goblins
  11 hobgoblins
  11 jackals
  7 quokkas
  7 bats
  8 frilled lizards
  A goblin skeleton (D:5)
  A goblin zombie (D:5)
  2 hobgoblin zombies (D:5)
  A jackal skeleton (D:5)
  4 kobolds
  2 kobold skeletons (D:5)
  A leopard gecko skeleton (D:4)
  3 orc skeletons (D:5)
  An orc zombie (D:5)
  A quokka skeleton (D:7)
  8 rats
330 creatures vanquished.

Notes
Turn   | Place    | Note
-------+----------+-------------------------------------------
     0 | D:1      | KoningWillie the Minotaur Fighter began the quest for the Orb.
     0 | D:1      | Reached XP level 1. HP: 19/19 MP: 0/0
   128 | D:1      | Reached XP level 2. HP: 27/27 MP: 1/1
   571 | D:2      | Noticed Natasha
   576 | D:2      | Noticed a crimson imp
   580 | D:2      | Killed Natasha
   580 | D:2      | Reached skill level 3 in Axes
   580 | D:2      | Reached XP level 3. HP: 31/33 MP: 2/2
   679 | D:2      | Found a stormy altar of Qazlal.
   708 | D:2      | Noticed Jessica
   724 | D:2      | Killed Jessica
   724 | D:2      | Reached XP level 4. HP: 9/41 MP: 3/3
  1693 | D:3      | Found a shadowy altar of Dithmenos.
  1694 | D:3      | Reached skill level 1 in Dodging
  1694 | D:3      | Reached XP level 5. HP: 42/47 MP: 4/4
  1702 | D:3      | Reached skill level 4 in Axes
  2541 | D:3      | Found a snail-covered altar of Cheibriados.
  2900 | D:4      | Noticed Natasha
  2906 | D:4      | Killed Natasha
  2906 | D:4      | Reached skill level 5 in Armour
  2939 | D:4      | Reached XP level 6. HP: 44/53 MP: 5/5
  3038 | D:4      | Noticed Natasha
  3044 | D:4      | Killed Natasha
  3044 | D:4      | Reached skill level 5 in Axes
  3494 | D:5      | Entered Level 5 of the Dungeon
  3495 | D:5      | Noticed an ice beast
  3630 | D:5      | Reached skill level 5 in Shields
  3689 | D:5      | Found Etomiesm's Gadget Emporium.
  3692 | D:5      | Got a crude battleaxe
  3693 | D:5      | Found Rofogodd's Food Shop.
  3697 | D:5      | Found a staircase to the Ecumenical Temple.
  3734 | D:5      | Identified the +4 battleaxe "Ecvatumu" {drain, rF+} (You found it on level 5 of the Dungeon)
  3742 | D:5      | Reached XP level 7. HP: 51/60 MP: 6/6
  3777 | D:5      | Found a glowing golden altar of the Shining One.
  3784 | D:5      | Reached skill level 6 in Axes
  3872 | D:5      | Found a basalt altar of Yredelemnul.
  3900 | D:5      | Bought a bread ration for 65 gold pieces
  3900 | D:5      | Bought a meat ration for 65 gold pieces
  3900 | D:5      | Bought a meat ration for 65 gold pieces
  3900 | D:5      | Bought a meat ration for 65 gold pieces
  4228 | D:5      | Reached skill level 7 in Axes
  4442 | D:5      | Found a sparkling altar of Nemelex Xobeh.
  4542 | D:6      | Reached skill level 5 in Fighting
  4744 | D:6      | Reached skill level 8 in Axes
  4744 | D:6      | Reached XP level 8. HP: 61/69 MP: 7/7
  4991 | D:6      | Reached skill level 9 in Axes
  5387 | D:7      | Found Unues's Food Shop.
  5402 | D:7      | Bought a royal jelly for 22 gold pieces
  5402 | D:7      | Bought a meat ration for 55 gold pieces
  5596 | D:7      | Reached skill level 1 in Stealth
  5616 | D:7      | Reached skill level 10 in Axes
  6548 | D:8      | Noticed Erica
  6548 | D:8      | Noticed Timinator's ghost (novice SpEn)
  6781 | D:8      | Noticed a hippogriff
  6786 | D:8      | Reached XP level 9. HP: 55/78 MP: 8/8
  6967 | D:8      | Noticed Gastronok
  7022 | D:8      | Killed Gastronok
  7022 | D:8      | Reached skill level 12 in Axes
  7237 | D:8      | Reached XP level 10. HP: 83/90 MP: 9/9
  7666 | D:9      | Noticed akademic's ghost (novice DrVM)
  7685 | D:9      | Noticed a two-headed ogre
  7699 | D:10     | Entered Level 10 of the Dungeon
  7995 | D:11     | Reached skill level 13 in Axes
  8325 | D:11     | Noticed a white ugly thing
  8343 | D:12     | Noticed a two-headed ogre
  8354 | D:12     | Killed a two-headed ogre
  8463 | D:12     | Noticed a cyclops
  8474 | D:12     | Killed a cyclops
  8474 | D:12     | Reached skill level 14 in Axes
  8474 | D:12     | Reached XP level 11. HP: 78/97 MP: 10/10
  8584 | D:12     | Gained mutation: You have supernaturally acute eyesight. (SInv) [potion of mutation]
  8584 | D:12     | Gained mutation: You are robust. (+10% HP) [potion of mutation]
  8837 | D:12     | Noticed a cyan ugly thing
  8847 | D:13     | Noticed a centaur warrior
  8859 | D:13     | Killed a centaur warrior
  8859 | D:13     | Reached skill level 10 in Fighting
  8944 | D:13     | Reached skill level 15 in Axes
  9034 | D:13     | Reached skill level 10 in Armour
  9158 | D:13     | Noticed Azrael
  9261 | D:13     | Killed Azrael
  9320 | D:13     | Noticed a catoblepas
  9459 | D:14     | Noticed a wizard
  9462 | D:14     | Noticed a deep elf mage
  9462 | D:14     | Reached skill level 16 in Axes
  9480 | D:14     | Killed a deep elf mage
  9484 | D:14     | Killed a wizard
  9546 | D:14     | Found a gate to the Vaults.
  9635 | D:14     | Reached XP level 12. HP: 115/118 MP: 11/11
  9667 | D:14     | Noticed a centaur warrior
  9692 | D:14     | Killed a centaur warrior
  9836 | D:14     | Found a gateway to a bazaar.
  9878 | Bazaar   | Entered a bazaar
  9883 | Bazaar   | Found Gonnufeb's Antique Armour Shop.
  9897 | Bazaar   | Found Mepawus's Jewellery Shop.
 10016 | D:14     | Noticed a two-headed ogre
 10022 | D:14     | Killed a two-headed ogre
 10022 | D:14     | Reached skill level 17 in Axes
 10134 | D:14     | Noticed a tengu warrior
 10152 | D:14     | Killed a tengu warrior
 10163 | D:14     | Noticed a tengu warrior
 10173 | D:14     | Killed a tengu warrior
 10646 | D:15     | Entered Level 15 of the Dungeon
 10685 | D:15     | Found Birull's Antique Weapon Boutique.
 10695 | D:15     | Found a staircase to the Depths.
 10696 | D:15     | Noticed a fire giant
 10711 | D:15     | Found Cifeth's Book Emporium.
 10744 | D:15     | Found a flickering gateway to a bazaar.
 10860 | Bazaar   | Entered a bazaar
 10862 | Bazaar   | Found Jafetoet's Magic Scroll Boutique.
 10866 | Bazaar   | Bought a scroll of identify for 26 gold pieces
 10866 | Bazaar   | Bought a scroll of blinking for 97 gold pieces
 10866 | Bazaar   | Found Zyow's Weapon Boutique.
 10866 | Bazaar   | Found Cucam's Assorted Antiques.
 10867 | Bazaar   | Found Geeceu Ifeo's Gadget Boutique.
 10897 | Bazaar   | Bought a scroll of fear for 84 gold pieces
 10897 | Bazaar   | Bought a bubbling silvery potion for 21 gold pieces
 10897 | Bazaar   | Bought a scroll labeled MEORUU BAYZA for 24 gold pieces
 10897 | Bazaar   | Bought a fuming dark potion for 21 gold pieces
 11335 | D:15     | Found Uduqup's Book Emporium.
 11336 | D:15     | Noticed a centaur warrior
 11340 | D:15     | Killed a centaur warrior
 11340 | D:15     | Reached skill level 18 in Axes
 11383 | D:15     | Noticed Rupert
 11686 | D:15     | Noticed Nessos
 11989 | Depths:1 | Entered Level 1 of the Depths
 11989 | Depths:1 | Noticed a centaur warrior
 11989 | Depths:1 | Noticed a stone giant
 11989 | Depths:1 | Noticed an ice dragon
 11995 | Depths:1 | Killed a stone giant
 11997 | Depths:1 | Killed a centaur warrior
 11999 | Depths:1 | Killed an ice dragon
 12177 | Depths:1 | Noticed a stone giant
 12201 | Depths:1 | Killed a stone giant
 12201 | Depths:1 | Reached XP level 13. HP: 44/128 MP: 12/12
 12529 | Depths:1 | Paralysed by a great orb of eyes for 4 turns
 12607 | Depths:1 | Noticed a stone giant
 12610 | Depths:1 | Noticed a stone giant
 12662 | Depths:1 | Noticed a fire giant
 12664 | Depths:2 | Found Sesexaowk's Assorted Antiques.
 12664 | Depths:2 | Found Jicvuna's Antique Armour Emporium.
 12677 | Depths:2 | Noticed a red very ugly thing
 12678 | Depths:2 | Noticed a red very ugly thing
 12678 | Depths:2 | Noticed a red very ugly thing
 12865 | Depths:3 | Noticed a fire giant
 12871 | Depths:3 | Noticed a stone giant
 12875 | Depths:3 | Killed a fire giant
 12881 | Depths:3 | Mangled by a stone giant

Skill      XL: |  1  2  3  4  5  6  7  8  9 10 11 12 13 |
---------------+----------------------------------------+-----
Fighting       | 4 5 6 8 9 10 11 | 11.9
Axes           | 3 4 5 8 10 12 14 16 18 | 18.9
Armour         | 4 5 6 8 9 10 11 12 | 12.0
Shields        | 4 5 |  5.0
Dodging        | 1 2 4 |  4.1
Stealth        | 1 |  1.9

Action                   |  1- 3 |  4- 6 |  7- 9 | 10-12 | 13-15 || total
-------------------------+-------+-------+-------+-------+-------++-------
Melee: War axe           |    70 |   169 |       |       |       ||   239
       Headbutt          |    10 |    23 |    28 |    74 |    14 ||   149
       Battleaxe         |       |     2 |   170 |   466 |    50 ||   688
Evoke: Wand              |       |       |       |       |     3 ||     3
  Use: Scroll            |       |    12 |     4 |    12 |     4 ||    32
       Potion            |       |     3 |     3 |     7 |     3 ||    16
  Eat: Bread ration      |       |     2 |       |     2 |       ||     4
       Meat ration       |       |       |     3 |     2 |       ||     5
       Chunk             |       |       |     1 |       |       ||     1
Armor: Scale mail        |    35 |    70 |    80 |    71 |       ||   256
       Plate armour      |       |       |       |   275 |     9 ||   284
Dodge: Dodged            |    18 |    54 |    97 |   290 |    13 ||   472
Block: Shield            |    49 |    96 |       |       |       ||   145
